 Dungeon Crawl Stone Soup version 0.16.2-12-gd0ad4c3 (webtiles) character file.

3741 Kira the Covert (level 9, -4/41 HPs)
             Began as a Spriggan Enchanter on Oct 21, 2015.
             Was a Believer of Nemelex Xobeh.
             Slain by a warg (13 damage)
             ... on level 9 of the Dungeon.
             The game lasted 00:46:41 (8857 turns).

Kira the Covert (Spriggan Enchanter)                Turns: 8857, Time: 00:46:41

Health: -4/41      AC:  5    Str:  4    XL:     9   Next: 93%
Magic:  22/29      EV: 23    Int: 19    God:    Nemelex Xobeh [**....]
Gold:   459        SH:  0    Dex: 19    Spells: 3 memorised, 19 levels left

rFire  + . .     SeeInvis +     t - +0 dagger (venom)
rCold  + . .     Clarity  .     J - +2 robe {rC+ rF+}
rNeg   . . .     SustAb   .     (shield restricted)
rPois  .         Gourm    .     (helmet restricted)
rElec  .         Spirit   .     v - +0 cloak
rCorr  .         Warding  .     (gloves unavailable)
rMut   .         Stasis   .     (boots unavailable)
MR     +....                    (no amulet)
Stlth  ++++++....               (no ring)
                                y - +2 ring of dexterity

@: very quick, somewhat resistant to hostile enchantments, very stealthy
A: unfitting armour, see invisible, herbivore 3, speed 3, slow metabolism 2
a: Renounce Religion


You were on level 9 of the Dungeon.
You worshipped Nemelex Xobeh.
Nemelex Xobeh was pleased with you.
You were not hungry.

You visited 2 branches of the dungeon, and saw 10 of its levels.

You collected 459 gold pieces.

Inventory:

Hand weapons
 a - a +1 dagger
 t - a +0 dagger of venom (weapon)
Armour
 b - a +1 robe
 o - a +1 robe of resistance
 v - a +0 cloak (worn)
 J - a +2 robe of resistance (worn)
Jewellery
 y - a +2 ring of dexterity (left hand)
Magical devices
 h - a wand of polymorph (0)
 E - a wand of disintegration (11)
 N - a wand of polymorph (10)
 O - a wand of frost (21)
 P - a wand of frost (25)
Scrolls
 e - 5 scrolls of remove curse {unknown}
 f - 3 scrolls of blinking {unknown}
 i - 3 scrolls of identify {unknown}
 l - 4 scrolls of teleportation {unknown}
 p - 5 scrolls of magic mapping {unknown}
 q - 2 scrolls of random uselessness {unknown}
 s - 2 scrolls of enchant weapon {unknown}
 x - 3 scrolls of enchant armour {unknown}
 H - a scroll of noise {unknown}
 I - a scroll of holy word {unknown}
 M - 2 scrolls of fog {unknown}
 S - a scroll of recharging {unknown}
Potions
 g - 3 potions of heal wounds {unknown}
 j - 4 potions of curing {unknown}
 k - 2 potions of lignification {unknown}
 m - 4 potions of haste {unknown}
 n - 2 potions of mutation {unknown}
 r - 2 potions of cure mutation {unknown}
 u - a potion of degeneration {unknown}
 z - a potion of agility {unknown}
 A - 2 potions of brilliance {unknown}
 B - 2 potions of poison {unknown}
 C - a potion of might
 F - a potion of invisibility {unknown}
 Q - a potion of restore abilities {unknown}
Books
 c - a book of Maledictions

   Spells                             Type                      Level
   a - Corona                         Hexes                        1
   b - Sure Blade                     Hexes/Charms                 2
   c - Ensorcelled Hibernation        Hexes/Ice                    2
   d - Confuse                        Hexes                        3
   e - Dazzling Spray                 Conjuration/Hexes            3
   f - Enslavement                    Hexes                        4
 G - a book of Ice

   Spells                             Type                      Level
   a - Ice Form                       Ice/Transmutation            4
   b - Metabolic Englaciation         Hexes/Ice                    5
   c - Ozocubu's Refrigeration        Ice                          6
   d - Bolt of Cold                   Conjuration/Ice              6
   e - Freezing Cloud                 Conjuration/Ice/Air          6
   f - Simulacrum                     Ice/Necromancy               6
 K - a book of the Dragon

   Spells                             Type                      Level
   a - Flight                         Charms/Air                   3
   b - Cause Fear                     Hexes                        4
   c - Bolt of Fire                   Conjuration/Fire             6
   d - Dragon Form                    Transmutation                7
   e - Dragon's Call                  Summoning                    9
 R - a book of the Earth

   Spells                             Type                      Level
   a - Leda's Liquefaction            Hexes/Earth                  4
   b - Bolt of Magma                  Conjuration/Fire/Earth       5
   c - Statue Form                    Transmutation/Earth          6
   d - Iron Shot                      Conjuration/Earth            6
   e - Shatter                        Earth                        9
Miscellaneous
 D - a plain deck of destruction {drawn: 4}
Comestibles
 d - 2 bread rations
 w - 4 fruits
 L - 2 royal jellies


   Skills:
 + Level 1.2 Fighting
 + Level 3.5 Short Blades
 + Level 7.0 Dodging
 + Level 12.0 Stealth
 + Level 8.6 Spellcasting
 + Level 8.7 Hexes
 - Level 1.0 Ice Magic
 * Level 6.6 Evocations


You had 19 spell levels left.
You knew the following spells:

 Your Spells              Type           Power        Failure   Level  Hunger
a - Corona                Hex            #####..      1%          1    None
b - Ensorcelled Hibernat  Hex/Ice        ####..       1%          2    None
c - Confuse               Hex            #####...     1%          3    None


Dungeon Overview and Level Annotations

Branches:
Dungeon (9/15)             Temple (1/1) D:5            Lair (0/8) D:9
    Orc: D:9-12

Altars:
Ashenzari
Cheibriados
Dithmenos
Elyvilon
Fedhas
Gozag
Kikubaaqudgha
Makhleb
Nemelex Xobeh
Okawaru
Qazlal
Ru
Sif Muna
Trog
Vehumet
Xom
Yredelemnul
Zin
The Shining One


Innate Abilities, Weirdness & Mutations

You are tiny and cannot use many weapons and most armour.
You have supernaturally acute eyesight.
You are a herbivore.
You cover ground extremely quickly.
You need consume almost no food.


Message History

Confirm with . or Enter, or press ? or * to list all spells.
Aiming: Ensorcelled Hibernation
Press: ? - help, Shift-Dir - straight line, f/p - warg
Aim: a warg (lightly wounded, chance 37%)
The warg easily resists.
The warg bites you but does no damage.
You see here a hippogriff corpse.
There is an open door here.
Casting: Ensorcelled Hibernation
Confirm with . or Enter, or press ? or * to list all spells.
Aiming: Ensorcelled Hibernation
Press: ? - help, Shift-Dir - straight line, f/p - warg
Aim: a warg (lightly wounded, chance 37%)
The warg looks drowsy...
The warg bites you!
* * * LOW HITPOINT WARNING * * *
You hit the warg.
The warg is moderately wounded.
The warg bites you!
You die...
Your body glows slightly and disappears.

######## ####### #......#
......################
#.####.#
.....................# #.#
#.#
#####...#######...##.###.##
#.# # ###....##
#.....#......# #.# #
#.......# ##...######<.#
#.# # ######### ##@##
#..###.# #h# #......# #h#
##.##### ##'## #.# ##...##
#.# #..†..## #.## #......##
#..# #.......####..♣
#......>'....♣♣


You could see 2 wargs.

Vanquished Creatures
  A hill giant (D:7)
  A two-headed ogre (D:8)
  The ghost of stonage the Skirmisher, an average DsFi of Okawaru (D:4)
  Prince Ribbit (D:5)
  A hippogriff (D:9)
  An ice beast (D:8)
  An orc warrior (D:8)
  A wasp (D:7)
  The ghost of stonage the Skirmisher, an average DsFi (D:3)
  An ogre (D:7)
  A phantom (D:7)
  A giant frog (D:7)
  Sigmund (D:4)
  A centaur (D:6)
  Blork the orc (D:6)
  3 scorpions
  11 wights
  A centaur zombie (D:6)
  4 crimson imps
  3 goliath beetles
  A gnoll shaman (D:4)
  Crazy Yiuf (D:3)
  A jelly (D:5)
  2 hounds
  6 orc wizards
  3 orc priests
  5 worker ants
  2 hound zombies
  Terence (D:2)
  A worker ant zombie (D:5)
  9 adders
  4 gnolls (D:4)
  2 giant mites
  4 worms
  An adder skeleton (D:6)
  7 giant geckos
  3 oozes
  36 orcs
  11 bats
  2 bat skeletons
  3 giant cockroaches
  17 hobgoblins
  7 jackals
  A quokka (D:5)
  5 giant newts
  A giant spore (D:9)
  8 goblins
  14 kobolds
  A quokka zombie (D:5)
  9 rats
  A ballistomycete (D:7)
  2 fungi (D:3)
208 creatures vanquished.

Vanquished Creatures (others)
  A giant spore (D:7)
1 creature vanquished.

Grand Total: 209 creatures vanquished

Notes
Turn   | Place    | Note
--------------------------------------------------------------
     0 | D:1      | Kira, the Spriggan Enchanter, began the quest for the Orb.
     0 | D:1      | Reached XP level 1. HP: 9/9 MP: 4/4
   366 | D:1      | Reached XP level 2. HP: 8/13 MP: 1/7
   370 | D:1      | Learned a level 2 spell: Ensorcelled Hibernation
   991 | D:1      | Reached XP level 3. HP: 16/16 MP: 9/9
  1631 | D:3      | Noticed Terence
  1765 | D:2      | Killed Terence
  1765 | D:2      | Reached XP level 4. HP: 19/21 MP: 1/13
  1891 | D:3      | Reached skill level 5 in Stealth
  1920 | D:3      | Noticed stonage's ghost (average DsFi)
  1927 | D:3      | Learned a level 3 spell: Confuse
  2424 | D:3      | Reached skill level 1 in Ice Magic
  2871 | D:3      | Noticed Crazy Yiuf
  2877 | D:3      | Killed Crazy Yiuf
  2877 | D:3      | Reached XP level 5. HP: 24/24 MP: 14/17
  2959 | D:3      | Killed stonage's ghost
  2959 | D:3      | Reached skill level 6 in Stealth
  3046 | D:4      | Reached skill level 5 in Hexes
  3046 | D:4      | Reached XP level 6. HP: 16/28 MP: 2/20
  3286 | D:4      | Noticed Sigmund
  3412 | D:4      | Killed Sigmund
  3412 | D:4      | Reached skill level 7 in Stealth
  3491 | D:4      | Noticed stonage's ghost (average DsFi)
  3507 | D:4      | Killed stonage's ghost
  3507 | D:4      | Reached skill level 5 in Dodging
  3507 | D:4      | Reached skill level 5 in Spellcasting
  3507 | D:4      | Reached XP level 7. HP: 30/32 MP: 8/23
  3638 | D:4      | Reached skill level 8 in Stealth
  3933 | D:5      | Entered Level 5 of the Dungeon
  3933 | D:5      | Found a staircase to the Ecumenical Temple.
  3933 | D:5      | Noticed Prince Ribbit
  4034 | D:5      | Killed Prince Ribbit
  4070 | Temple   | Entered the Ecumenical Temple
  4163 | Temple   | Became a worshipper of Nemelex Xobeh the Trickster
  4388 | D:4      | Reached XP level 8. HP: 24/37 MP: 20/25
  4910 | D:5      | Received a gift from Nemelex Xobeh
  5009 | D:5      | Reached skill level 9 in Stealth
  5511 | D:6      | Noticed Blork the orc
  5519 | D:6      | Killed Blork the orc
  5519 | D:6      | Reached skill level 1 in Evocations
  5824 | D:6      | Reached skill level 10 in Stealth
  6860 | D:7      | Reached XP level 9. HP: 40/40 MP: 21/28
  6953 | D:7      | Reached skill level 1 in Fighting
  7025 | D:7      | Found an iron altar of Okawaru.
  7221 | D:7      | Noticed Edmund
  7238 | D:7      | Noticed Edmund
  7238 | D:7      | Edmund changed into Edmund the wasp
  7240 | D:7      | Killed Edmund the wasp
  7544 | D:7      | Noticed a hill giant
  7559 | D:7      | Killed a hill giant
  7559 | D:7      | Reached skill level 11 in Stealth
  7559 | D:7      | Reached skill level 5 in Evocations
  8408 | D:9      | Found a staircase to the Lair.
  8801 | D:9      | Reached skill level 12 in Stealth
  8857 | D:9      | Slain by a warg

Action                   |  1- 3 |  4- 6 |  7- 9 || total
-------------------------+-------+-------+-------++-------
Melee: Dagger            |    93 |   222 |   363 ||   678
 Cast: Corona            |     7 |       |       ||     7
       Ensorcelled Hiber |    29 |    36 |    75 ||   140
       Confuse           |       |    14 |    45 ||    59
Evoke: Wand              |       |       |     5 ||     5
       Deck              |       |       |     4 ||     4
 Stab: Sleeping          |    20 |    24 |    77 ||   121
       Confused          |       |     9 |    17 ||    26
  Eat: Bread ration      |       |     1 |     1 ||     2
